 Dungeon Crawl Stone Soup version 0.20.1-1-g8b1a95d66d (webtiles) character file.

51 Ivernyr the Shooter (level 3, -2/30 HPs)
             Began as a Centaur Hunter on Dec 8, 2017.
             Slain by a gnoll
             ... wielding a +0 spear
              (10 damage)
             ... on level 2 of the Dungeon.
             The game lasted 00:04:26 (1084 turns).

Ivernyr the Shooter (Centaur Hunter)                Turns: 1084, Time: 00:04:27

Health: -2/30      AC:  4    Str: 14    XL:     3   Next: 57%
Magic:  3/3        EV:  9    Int: 11    God:
Gold:   44         SH:  0    Dex:  9    Spells: 2/2 levels left

rFire    . . .     SeeInvis .   a - +1 shortbow
rCold    . . .     Gourm    .   (shield currently unavailable)
rNeg     . . .     Faith    .   c - +0 leather armour
rPois    .         Spirit   .   (no helmet)
rElec    .         Reflect  .   (no cloak)
rCorr    .         Harm     .   (no gloves)
MR       .....                  (no barding)
Stlth    +.........             (no amulet)
Regen    0.1/turn               (no ring)
MPRegen  0.1/turn               (no ring)

@: very quick
A: hooves 3, deformed body, speed 2, tough skin 3
a: no special abilities


You were on level 2 of the Dungeon.
You were not hungry.

You visited 1 branch of the dungeon, and saw 2 of its levels.

You collected 44 gold pieces.

Inventory:

Hand Weapons
 a - a +1 shortbow (weapon)
Missiles
 d - 44 arrows (quivered)
Armour
 c - a +0 leather armour (worn)
Scrolls
 h - 3 scrolls of identify {unknown}
 j - a scroll of noise {unknown}
 m - a scroll of remove curse {unknown}
 n - a scroll of recharging {unknown}
Potions
 e - 2 potions of heal wounds {unknown}
 g - a potion of resistance {unknown}
 i - 2 potions of lignification {unknown}
 k - a potion of ambrosia {unknown}
 l - a potion of haste {unknown}
Comestibles
 b - 3 fruits
 f - a bread ration


   Skills:
 + Level 2.4 Fighting
 * Level 6.4 Bows
 - Level 1.3 Dodging
 - Level 0.4 Stealth
 + Level 1.3 Unarmed Combat


You had 2 spell levels left.
You didn't know any spells.

Dungeon Overview and Level Annotations

Branches:
Dungeon (2/15)

Altars:


Innate Abilities, Weirdness & Mutations

You have hooves in place of feet.
Armour fits poorly on your strangely shaped body.
You cover ground very quickly.
You have extremely tough skin. (AC +3)


Message History

The gnoll is severely wounded.
The gnoll hits you from afar with a spear!
Firing (i - inventory):
d - 47 arrows (quivered)
Press: ? - help, Shift-Dir - straight line, f/p - gnoll
Aim: a gnoll, wielding a spear (severely wounded)
You shoot an arrow. The arrow closely misses the gnoll.
The gnoll hits you from afar with a spear.
Firing (i - inventory):
d - 46 arrows (quivered)
Press: ? - help, Shift-Dir - straight line, f/p - gnoll
Aim: a gnoll, wielding a spear (severely wounded)
You shoot an arrow. The arrow hits the gnoll.
The gnoll is severely wounded.
The gnoll hits you from afar with a spear.
* * * LOW HITPOINT WARNING * * *
Firing (i - inventory):
d - 45 arrows (quivered)
Press: ? - help, Shift-Dir - straight line, f/p - gnoll
Aim: a gnoll, wielding a spear (severely wounded)
You shoot an arrow. The arrow barely misses the gnoll.
The gnoll hits you from afar with a spear!
You die...

... #... #. #.# #..# #.
#.# #..# #. #.# #..# #.
#.# #..# #. #.########
#.. ######.##........#
#†#
...()g(#...#####.#####.#
#@#..............†
##.#.########.##.. ##..#
#.#### #.# #.# #.# #.#
#.# #.# #.# #.# #####>#
#<....# #


You could see a gnoll.

Vanquished Creatures
  2 gnolls (D:2)
  A dart slug (D:1)
  A leopard gecko (D:1)
  5 bats
  5 giant cockroaches (D:1)
  4 hobgoblins (D:1)
  A kobold (D:1)
  5 frilled lizards
  A goblin (D:1)
  3 rats
28 creatures vanquished.

Notes
Turn   | Place    | Note
-------+----------+-------------------------------------------
     0 | D:1      | Ivernyr the Centaur Hunter began the quest for the Orb.
     0 | D:1      | Reached XP level 1. HP: 17/17 MP: 1/1
    81 | D:1      | Reached XP level 2. HP: 22/24 MP: 2/2
   382 | D:1      | Reached skill level 1 in Unarmed Combat
   666 | D:1      | Reached skill level 6 in Bows
   998 | D:2      | Reached XP level 3. HP: 29/29 MP: 3/3
  1084 | D:2      | Slain by a gnoll

Skill      XL: |  1  2 |
---------------+-------+-----
Unarmed Combat | 1 |  1.3
Bows           | 6 |  6.4
Fighting       | |  2.4
Dodging        | |  1.3
Stealth        | |  0.4

Action                   || total
-------------------------++-------
Melee: Unarmed           ||   110
       Kick              ||    21
 Fire: Shortbow          ||    14
Armor: Leather armour    ||    57
Dodge: Dodged            ||    57
